 Dungeon Crawl Stone Soup version 0.30-a0-165-g1891117ce2 (webtiles) character file.

Game seed: 9467695052747021426

1453 qw the Cleaver (level 8, -1/51 HPs)
             Began as a Gargoyle Fighter on Sept 28, 2022.
             Slain by a wight
             ... wielding a +0 scimitar
              (5 damage)
             ... on level 6 of the Dungeon.
             The game lasted 00:02:30 (6446 turns).

qw the Cleaver (Gargoyle Fighter)                   Turns: 6446, Time: 00:02:30

Health: -1/51      AC: 18    Str: 22    XL:     8   Next: 75%
Magic:  0/8        EV:  6    Int:  9    God:
Gold:   280        SH:  4    Dex:  9    Spells: 7/7 levels left

rFire   + + .      SeeInvis +    Y - +0 war axe
rCold   + . .      Faith    .    c - +0 buckler
rNeg    + + .      Spirit   +    g - +0 plate armour
rPois   inf        Reflect  .    (no helmet)
rElec   +          Harm     .    h - +0 cloak
rCorr   .          Rampage  .    (no gloves)
Will    .....                    (no boots)
Stlth   ..........               j - amulet of guardian spirit
HPRegen 0.17/turn                e - ring of protection from cold
MPRegen 0.11/turn                a - ring of positive energy

@: no status effects
A: sickness immunity, AC +5, negative energy resistance 1, electricity
resistance, torment resistance 1, petrification resistance, see invisible, fire
resistance 2
a: no special abilities


You were on level 6 of the Dungeon.
You visited 1 branch of the dungeon, and saw 6 of its levels.

You collected 280 gold pieces.


Innate Abilities, Weirdness & Mutations

You are immune to sickness and miasma.
Your stone body is resilient. (AC +5)
You are immune to poison.
You resist negative energy. (rN+)
You are resistant to electric shocks. (rElec)
You are resistant to unholy torment.
You are immune to petrification.
You have supernaturally acute eyesight. (SInv)
Your flesh is very heat resistant. (rF++)


   Skills:
 + Level 5.7 Fighting
 - Level 8.1 Axes
 - Level 1.2 Throwing
 - Level 4.8 Armour
 - Level 1.5 Dodging
 - Level 3.2 Shields


You had 7 spell levels left.
You didn't know any spells.
Your spell library was empty.

Inventory:

Hand Weapons
 m - a +0 morningstar
 Y - a +0 war axe (weapon)
Missiles
 l - 3 boomerangs (quivered)
Armour
 c - a +0 buckler (worn)
 g - a +0 plate armour (worn)
 h - a +0 cloak (worn)
Jewellery
 a - a ring of positive energy (right hand)
 e - a ring of protection from cold (left hand)
 j - an amulet of guardian spirit (around neck)
 n - a ring of positive energy
Scrolls
 k - 3 scrolls of identify
Potions
 b - 4 potions of curing
 d - a potion of might
 f - a potion of mutation
 i - a potion of resistance
 o - a potion of attraction

Dungeon Overview and Level Annotations

Branches:
Dungeon (6/15)
 Temple: D:4-7

Altars:
Cheibriados
Elyvilon
Makhleb
Nemelex Xobeh
Ru
Xom

Annotations:
D:2 1 runed translucent door, Crazy Yiuf


Message History

You block the wight's attack. The wight hits you but does no damage.
You block the wight's attack.
You slash the wight!
You destroy the wight!
You closely miss the wight. You slash the wight!
The wight hits you with a +0 war axe!
The wight hits you but does no damage. x2
The wight hits you with a +0 war axe.
You hit the wight.
The wight is almost destroyed.
You closely miss the wight. You block the wight's attack. x2
You barely miss the wight.
The wight is almost destroyed.
You barely miss the wight. The wight closely misses you.
The wight hits you but does no damage.
You hit the wight but do no damage.
The wight is almost destroyed.
You hit the wight but do no damage. You block the wight's attack.
The wight hits you but does no damage.
You hit the wight but do no damage.
The wight is almost destroyed.
You hit the wight but do no damage. The wight hits you with a +0 war axe.
The wight hits you with a +0 scimitar.
You closely miss the wight.
The wight is almost destroyed.
You closely miss the wight. You block the wight's attack.
The wight hits you but does no damage.
You hit the wight but do no damage.
The wight is almost destroyed.
You slash the wight! You block the wight's attack.
The wight hits you with a +0 scimitar.
You hit the wight but do no damage.
The wight is almost destroyed.
You hit the wight. The wight hits you with a +0 war axe.
The wight hits you but does no damage.
You barely miss the wight.
The wight is almost destroyed.
You hit the wight. The wight hits you with a +0 war axe.
The wight hits you with a +0 scimitar.
You die...

...... .....# .##...
##....## ..........
#......##.
..........#####.........
........................
#.#............zz)..#
#.#.........#!..@...#..
.....................#
...................###
#................###
##......>........##..
###..................
.##.##....(.........#
...................##
..............<...##


You could see 2 wights.

Vanquished Creatures
  Grinder (D:4)
  Sigmund (D:4)
  Eustachio (D:4)
  An ice beast (D:6)
  3 scorpions (D:5)
  A wight (D:6)
  A howler monkey (D:5)
  2 jellies (D:5)
  A hound (D:5)
  2 orc priests (D:5)
  5 iguanas
  3 orc wizards
  2 adders
  8 gnolls
  A white imp (D:4)
  2 ufetubi
  An adder skeleton (D:2)
  An adder zombie (D:2)
  5 worms
  2 dart slugs
  10 orcs
  A bat skeleton (D:2)
  5 endoplasms
  5 giant cockroaches
  9 goblins
  11 hobgoblins
  3 jackals (D:2)
  12 kobolds
  3 quokkas
  5 ball pythons
  A ball python skeleton (D:2)
  3 bats
  5 frilled lizards
  2 jackal zombies (D:2)
  A quokka zombie (D:2)
  6 rats
126 creatures vanquished.

Vanquished Creatures (others)
  A fungus (D:2)
  A withered plant (D:2)
2 creatures vanquished.

Grand Total: 128 creatures vanquished

Notes
Turn   | Place    | Note
-------+----------+-------------------------------------------
     0 | D:1      | qw the Gargoyle Fighter began the quest for the Orb.
     0 | D:1      | Reached XP level 1. HP: 14/14 MP: 1/1
     0 | D:1      | 0 ||| qw: Version: 0.2-a-12-gaebbb33
     0 | D:1      | 0 ||| qw: Game counter: 799
     0 | D:1      | 0 ||| qw: Always use a shield: true
     0 | D:1      | 0 ||| qw: God list: Okawaru
     0 | D:1      | 0 ||| qw: Allow faded altars: false
     0 | D:1      | 0 ||| qw: Do Orc after D:15 true
     0 | D:1      | 0 ||| qw: Do second Lair branch before Depths: true
     0 | D:1      | 0 ||| qw: Lair rune preference: random
     0 | D:1      | 0 ||| qw: Plans: Normal, Zot:1-4, God:TSO, Crypt, Tomb,
                  | Pan, Slime:5, Hells, Abyss, Orb
     0 | D:1      | 0 ||| PLANNING D:1-11
     7 | D:1      | 7 ||| Stepping ~*~*~tactically~*~*~ (stealth).
     8 | D:1      | 8 ||| Stepping ~*~*~tactically~*~*~ (stealth).
    16 | D:1      | Reached skill level 2 in Axes
    80 | D:1      | Reached XP level 2. HP: 19/19 MP: 2/2
   140 | D:1      | HP: 2/19 [frozen (5)]
   143 | D:1      | Reached skill level 3 in Axes
   476 | D:1      | Reached XP level 3. HP: 23/23 MP: 3/3
   492 | D:1      | 492 ||| DROPPING +0 whip.
   754 | D:1      | You fall into a shaft and drop 1 floor!
   755 | D:2      | 755 ||| UPGRADING to ring of protection from cold.
   758 | D:2      | 758 ||| FLEEEEING.
   760 | D:2      | 760 ||| FLEEEEING.
   763 | D:2      | 763 ||| STAIRDANCE
  1038 | D:1      | 1038 ||| UPGRADING to +0 plate armour.
  1048 | D:1      | 1048 ||| DROPPING +0 scale mail.
  1049 | D:1      | 1049 ||| DROPPING +6 ring of intelligence.
  1050 | D:1      | 1050 ||| READING scroll labelled ZAJYFEO ZESCHA.
  1054 | D:1      | 1054 ||| READING scroll labelled KUXEIR YHETO.
  1055 | D:1      | 1055 ||| READING scroll labelled YSHYUHULAU.
  1291 | D:2      | Reached XP level 4. HP: 28/28 MP: 4/4
  1449 | D:2      | 1449 ||| Stepping ~*~*~tactically~*~*~ (stealth).
  1461 | D:2      | Reached skill level 4 in Axes
  1468 | D:2      | 1468 ||| FLEEEEING.
  1469 | D:2      | 1469 ||| FLEEEEING.
  1474 | D:2      | 1474 ||| FLEEEEING.
  1475 | D:2      | 1475 ||| FLEEEEING.
  1476 | D:2      | 1476 ||| FLEEEEING.
  1477 | D:2      | 1477 ||| FLEEEEING.
  1478 | D:2      | 1478 ||| FLEEEEING.
  1479 | D:2      | 1479 ||| FLEEEEING.
  1480 | D:2      | 1480 ||| FLEEEEING.
  1485 | D:2      | 1485 ||| FLEEEEING.
  1486 | D:2      | 1486 ||| FLEEEEING.
  1487 | D:2      | 1487 ||| Stepping ~*~*~tactically~*~*~ (stealth).
  1488 | D:2      | 1488 ||| FLEEEEING.
  1489 | D:2      | 1489 ||| FLEEEEING.
  1490 | D:2      | 1490 ||| Stepping ~*~*~tactically~*~*~ (stealth).
  1491 | D:2      | 1491 ||| FLEEEEING.
  1492 | D:2      | 1492 ||| FLEEEEING.
  1497 | D:2      | 1497 ||| FLEEEEING.
  1498 | D:2      | 1498 ||| FLEEEEING.
  1499 | D:2      | 1499 ||| FLEEEEING.
  1500 | D:2      | 1500 ||| FLEEEEING.
  1501 | D:2      | 1501 ||| FLEEEEING.
  1502 | D:2      | 1502 ||| FLEEEEING.
  1503 | D:2      | 1503 ||| FLEEEEING.
  1504 | D:2      | 1504 ||| FLEEEEING.
  1505 | D:2      | 1505 ||| FLEEEEING.
  1506 | D:2      | 1506 ||| FLEEEEING.
  1507 | D:2      | 1507 ||| FLEEEEING.
  1508 | D:2      | 1508 ||| FLEEEEING.
  1509 | D:2      | 1509 ||| FLEEEEING.
  1510 | D:2      | 1510 ||| FLEEEEING.
  1511 | D:2      | 1511 ||| FLEEEEING.
  1597 | D:2      | Found the +4 dagger "Morg" {pain, Will+ Int+5}
  1599 | D:2      | Found a white marble altar of Elyvilon.
  1605 | D:2      | 1605 ||| Stepping ~*~*~tactically~*~*~ (stealth).
  1702 | D:2      | 1702 ||| Stepping ~*~*~tactically~*~*~ (stealth).
  1785 | D:2      | Found a runed translucent door.
  1786 | D:2      | Noticed Crazy Yiuf
  1884 | D:2      | Found a faded altar of an unknown god.
  2286 | D:2      | 2286 ||| DRINKING 2 viscous pink potions.
  2287 | D:2      | 2287 ||| DROPPING potion of brilliance.
  2411 | D:3      | 2411 ||| Stepping ~*~*~tactically~*~*~ (stealth).
  2472 | D:3      | Found a sacrificial altar of Ru.
  2608 | D:3      | 2608 ||| READING scroll of teleportation.
  2614 | D:3      | 2614 ||| Stepping randomly (stuck).
  2615 | D:3      | 2615 ||| Stepping randomly (stuck).
  2617 | D:3      | 2617 ||| Stepping randomly (stuck).
  2618 | D:3      | 2618 ||| Stepping randomly (stuck).
  2619 | D:3      | 2619 ||| Stepping randomly (stuck).
  2898 | D:3      | 2898 ||| Stepping ~*~*~tactically~*~*~ (stealth).
  2906 | D:3      | 2906 ||| Stepping ~*~*~tactically~*~*~ (stealth).
  2909 | D:3      | Reached XP level 5. HP: 32/32 MP: 5/5
  3094 | D:3      | Reached skill level 5 in Axes
  3436 | D:3      | 3436 ||| UPGRADING to +0 cloak.
  3441 | D:3      | 3441 ||| UPGRADING to ring of positive energy.
  3442 | D:3      | 3442 ||| READING scroll labelled GAONWI MOZIG.
  3443 | D:3      | 3443 ||| READING scroll labelled CAXOURA HOJOKH.
  3444 | D:3      | 3444 ||| DRINKING 2 green potions.
  3536 | D:4      | 3536 ||| Stepping ~*~*~tactically~*~*~ (hiding).
  3547 | D:4      | 3547 ||| Stepping ~*~*~tactically~*~*~ (stealth).
  3576 | D:4      | Found a sparkling altar of Nemelex Xobeh.
  3579 | D:4      | Noticed Eustachio
  3635 | D:4      | HP: 6/32 [ufetubus[Eustachio] (4)]
  3636 | D:4      | HP: 1/32 [ufetubus[Eustachio] (3)]
  3639 | D:4      | Killed Eustachio
  3640 | D:4      | Reached XP level 6. HP: 1/40 MP: 6/6
  3967 | D:4      | Noticed Grinder
  3968 | D:4      | 3968 ||| Stepping ~*~*~tactically~*~*~ (hiding).
  3978 | D:4      | Killed Grinder
  3979 | D:4      | Reached skill level 6 in Axes
  3979 | D:4      | Reached XP level 7. HP: 40/44 MP: 7/7
  4026 | D:4      | 4026 ||| Stepping ~*~*~tactically~*~*~ (hiding).
  4027 | D:4      | 4027 ||| Stepping ~*~*~tactically~*~*~ (hiding).
  4059 | D:4      | 4059 ||| Stepping ~*~*~tactically~*~*~ (stealth).
  4093 | D:4      | Noticed Sigmund
  4094 | D:4      | 4094 ||| Stepping ~*~*~tactically~*~*~ (hiding).
  4111 | D:4      | Killed Sigmund
  4285 | D:4      | 4285 ||| Stepping ~*~*~tactically~*~*~ (stealth).
  4285 | D:4      | Found a snail-covered altar of Cheibriados.
  4291 | D:4      | 4291 ||| DRINKING 2 fizzy sapphire potions.
  4292 | D:4      | 4292 ||| READING 3 scrolls of identify.
  4292 | D:4      | 4292 ||| IDENTIFYING bubbling white potion
  4363 | D:4      | 4363 ||| DROPPING +0 flail.
  4375 | D:4      | Identified the +9 sling of the Skies Above {vorpal, rC-
                  | rCorr Dex+4}
  4582 | D:4      | Found a burning altar of Makhleb.
  4775 | D:4      | 4775 ||| DRINKING 2 metallic orange potions.
  4775 | D:4      | Gained mutation: Your flesh is heat resistant. (rF+)
                  | [potion of mutation]
  4775 | D:4      | Gained mutation: Your flesh is very heat resistant. (rF++)
                  | [potion of mutation]
  4775 | D:4      | Gained mutation: You have supernaturally acute eyesight.
                  | (SInv) [potion of mutation]
  4776 | D:4      | 4776 ||| READING 2 scrolls of identify.
  4776 | D:4      | 4776 ||| IDENTIFYING purple potion
  4777 | D:4      | 4777 ||| DROPPING potion of flight.
  4802 | D:5      | Entered Level 5 of the Dungeon
  4856 | D:5      | Found a shimmering altar of Xom.
  4863 | D:5      | Found a shimmering altar of Xom.
  4864 | D:5      | Found a shimmering altar of Xom.
  4865 | D:5      | Found a shimmering altar of Xom.
  5043 | D:5      | HP: 9/44 [gnoll/+4 halberd (7)]
  5044 | D:5      | 5044 ||| DRINKING potion of heal wounds.
  5105 | D:5      | 5105 ||| FLEEEEING.
  5188 | D:5      | 5188 ||| FLEEEEING.
  5189 | D:5      | 5189 ||| FLEEEEING.
  5319 | D:5      | Reached XP level 8. HP: 48/49 MP: 8/8
  5384 | D:5      | 5384 ||| Stepping ~*~*~tactically~*~*~ (stealth).
  5397 | D:5      | Reached skill level 7 in Axes
  5405 | D:5      | 5405 ||| Stepping ~*~*~tactically~*~*~ (stealth).
  5409 | D:5      | 5409 ||| Stepping ~*~*~tactically~*~*~ (stealth).
  5418 | D:5      | HP: 11/49 [scorpion (4)]
  5427 | D:5      | Reached skill level 1 in Dodging
  5427 | D:5      | 5427 ||| Stepping ~*~*~tactically~*~*~ (hiding).
  5433 | D:5      | HP: 2/49 [orc priest/+0 flail (7)]
  5756 | D:5      | 5756 ||| DRINKING 3 potions of curing.
  5756 | D:5      | 5756 ||| (to cure confusion)
  5759 | D:5      | Reached skill level 1 in Throwing
  6296 | D:5      | 6296 ||| UPGRADING to amulet of guardian spirit.
  6301 | D:5      | 6301 ||| READING scroll labelled INWUKHLUEREU.
  6302 | D:5      | 6302 ||| READING scroll labelled YSUIGI IKKAL.
  6303 | D:5      | 6303 ||| READING 5 scrolls of identify.
  6303 | D:5      | 6303 ||| IDENTIFYING blue potion
  6304 | D:5      | 6304 ||| READING 4 scrolls of identify.
  6304 | D:5      | 6304 ||| IDENTIFYING bubbling grey potion
  6305 | D:5      | 6305 ||| DROPPING potion of berserk rage.
  6322 | D:6      | 6322 ||| PLANNING SEWER
  6342 | D:6      | Reached skill level 8 in Axes
  6444 | D:6      | HP: 10/51 [wight/+0 scimitar (5)]
  6446 | D:6      | HP: 4/51 [wight/+0 war axe (2)]
  6446 | D:6      | Slain by a wight

Levels and vault maps discovered:
D:1:      ncdulo_watergridlock, layout_basic
D:2:      layout_loops_ring, basic_altar, basic_ecumenical_altar, serial_undead,
          serial_undead_a, serial_undead_b, serial_undead_b, serial_undead_d,
          serial_undead_c, serial_undead_b, minmay_strange_pillars, st_stairs_4,
          minmay_tromino_v4_c, uniq_crazy_yiuf_cottage
D:3:      layout_loops_cross, amcnicky_altar_gilded, minmay_increasing_density
D:4:      layout_basic, lemuel_round_altar, nemelex_xobeh_ov_fountains_minmay,
          mainiacjoe_overflow_cross_hatched, uniq_grinder, uniq_sigmund,
          uniq_eustachio
D:5:      layout_gridville, xom_redecorated
D:6:      layout_cave_pools, mainiacjoe_overflow_alcove_4, gup_sewer_entry_bowl,
          kennysheep_crisscross

Skill      XL: |  1  2  3  4  5  6  7  8 |
---------------+-------------------------+-----
Axes           | 2 3 4 5 6 8 |  8.1
Fighting       | 5 |  5.7
Armour         | 4 |  4.8
Dodging        | 1 |  1.5
Throwing       | 1 |  1.2
Shields        | |  3.2

Action                   |  1- 3 |  4- 6 |  7- 9 || total
-------------------------+-------+-------+-------++-------
Melee: War axe           |    83 |   219 |   169 ||   471
Throw: Boomerang         |       |       |    35 ||    35
  Use: Scroll            |     3 |     3 |     6 ||    12
       Potion            |       |     2 |     4 ||     6
Armor: Scale mail        |    30 |       |       ||    30
       Plate armour      |    11 |   169 |   108 ||   288
Dodge: Dodged            |    35 |    59 |    39 ||   133
Block: Buckler           |    10 |    34 |    26 ||    70

Table legend:
 A = Non-vault XP
 B = Vault XP
 C = Vault XP percentage of total XP
 D = Non-vault monster count
 E = Vault monster count
 F = Vault count percentage of total count
                 A         B        C        D         E       F
            +---------+---------+-------+---------+---------+-------
      Total |    1322 |     754 |  36.3 |     104 |      22 |  17.5
            +---------+---------+-------+---------+---------+-------
        D:1 |      60 |       0 |   0.0 |      22 |       0 |   0.0
        D:2 |      51 |      27 |  34.6 |      21 |      12 |  36.4
        D:3 |      76 |      24 |  24.0 |      18 |       7 |  28.0
        D:4 |     118 |     703 |  85.6 |      15 |       3 |  16.7
        D:5 |     779 |       0 |   0.0 |      25 |       0 |   0.0
        D:6 |     238 |       0 |   0.0 |       3 |       0 |   0.0
            +---------+---------+-------+---------+---------+-------
